 Dungeon Crawl Stone Soup version 0.31.0-4-g52a2dc7128 (webtiles) character file.

Game seed: 1123399756113314050

3815 AlmostDecent the Geomancer (level 10, -3/52 HPs)
             Began as a Gargoyle Earth Elementalist on Jan 22, 2024.
             Was a Follower of Ashenzari.
             Slain by a yak (11 damage)
             ... on level 8 of the Dungeon.
             The game lasted 00:35:17 (6430 turns).

AlmostDecent the Geomancer (GrEE)                   Turns: 6430, Time: 00:35:18

Health: -3/52      AC: 13    Str: 18    XL:     10   Next: 17%
Magic:  21/24      EV: 12    Int: 17    God:    Ashenzari [*.....]
Gold:   73         SH:  5    Dex: 10    Spells: 19/30 levels left

rFire   . . .        g - +8 whip of Fasul {venom, rElec Str+3 Stlth-}
rCold   . . .        (no shield)
rNeg    + . .        A - +1 robe {Will+}
rPois   ∞            k - +0 helmet of the Eternal Augur {Self, Dev} (curse)
rElec   +            d - +0 cloak
rCorr   .            (no gloves)
SInv    .            i - +0 pair of boots
Will    +....        x - amulet of reflection
Stlth   +            j - ring of Panopticon {Wiz, Sorc, Elem} (curse)
HPRegen 0.28/turn    (no ring)
MPRegen 0.19/turn

%: reflection, wizardry (x1)
@: freezing walls
A: sickness immunity, AC +7, negative energy resistance 1, electricity
resistance, torment resistance 1, petrification resistance
a: Renounce Religion, Curse Item, Shatter the Chains


You were on level 8 of the Dungeon.
You worshipped Ashenzari.
Ashenzari was aware of your devotion.
You visited 1 branch of the dungeon, and saw 8 of its levels.

You collected 305 gold pieces.
You spent 232 gold pieces at shops.

Inventory:

Hand Weapons
 g - the +8 whip of Fasul (weapon) {venom, rElec Str+3 Stlth-}
   (You found it on level 6 of the Dungeon)

   Str+3:     It affects your strength (+3).
   rElec:     It insulates you from electricity.
   Stlth-:    It makes you less stealthy.
 m - a +0 short sword
 y - a +0 great sword of venom
Missiles
 r - 3 throwing nets
Armour
 d - a +0 cloak (worn)
 i - a +0 pair of boots (worn)
 k - the cursed +0 helmet of the Eternal Augur (worn) {Self, Dev}
   (You found it on level 2 of the Dungeon)

   It has a curse which improves the following skills: Introspection: Fighting
   and Spellcasting.
   Devices:   Evocations and Shapeshifting.
 w - a scarf of shadows
 A - a +1 robe of willpower (worn)
Jewellery
 j - the cursed ring of Panopticon (left hand) {Wiz, Sorc, Elem}
   (You found it on level 2 of the Dungeon)

   [ring of wizardry]

   Wiz:       It improves your spell success rate.
   It has a curse which improves the following skills: Sorcery: Conjurations and
   Alchemy.
   Elements:  Fire Magic, Ice Magic, Air Magic and Earth Magic.
 x - an amulet of reflection (around neck)
Wands
 u - a wand of charming (1)
 z - a wand of mindburst (7)
Scrolls
 b - a scroll of enchant weapon
 e - 4 scrolls of teleportation
 l - 2 scrolls of amnesia
 o - 2 scrolls of revelation
 p - a scroll of poison
 q - 2 scrolls of enchant armour
 t - a scroll of immolation
Potions
 c - a potion of attraction
 f - 2 potions of mutation
 h - a potion of lignification
 n - a potion of heal wounds
 s - 3 potions of curing
 v - a potion of enlightenment


   Skills:
 + Level 0.9(1.3) Fighting
 + Level 0.1 Short Blades
 + Level 0.1 Maces & Flails
 + Level 2.1 Dodging
 + Level 3.3 Stealth
 * Level 9.7(10.5) Spellcasting
 + Level 1.4(2.0) Conjurations
 + Level 0.6(1.1) Ice Magic
 * Level 11.7(12.4) Earth Magic


You had 19 spell levels left.
You knew the following spells:

 Your Spells              Type           Power      Damage    Failure   Level
a - Sandblast             Erth           100%       2d20      1%          1
b - Stone Arrow           Conj/Erth      66%        3d11      1%          3
c - Brom's Barrelling Bo  Conj/Erth      33%        2d5       1%          4
d - Frozen Ramparts       Ice            24%        1d4       6%          3

Your spell library contained the following spells:

 Spells                   Type           Power      Damage    Failure   Level
 Passwall                 Erth           50%        N/A       1%          3
 Freeze                   Ice            48%        1d6       2%          1
 Petrify                  Alch/Erth      30%        N/A       2%          4
 Necrotise                Necr           32%        1d5       3%          1
 Static Discharge         Conj/Air       24%        3-4/arc   3%          2
 Ensorcelled Hibernation  Hex/Ice        20%        N/A       4%          2
 Hailstorm                Conj/Ice       14%        3d6       5%          3
 Swiftness                Air            9%         N/A       10%         3
 Vampiric Draining        Necr           8%         2d6       10%         3
 Airstrike                Air            4%         2d(1-17)  30%         4
 Summon Lightning Spire   Summ/Air       9%         N/A       30%         4
 Martyr's Knell           Necr/Summ      8%         N/A       32%         4
 Irradiate                Conj/Alch      6%         3d13      47%         5
 Curse of Agony           Necr           8%         N/A       63%         5
 Sublimation of Blood     Necr           Unusable   N/A       N/A         2

Dungeon Overview and Level Annotations

Branches:
Dungeon (8/15)             Temple (0/1) D:7
   Lair: D:8-11

Altars:
Ashenzari
Fedhas
Hepliaklqana
Makhleb
Uskayaw

Shops:
D:4 *   D:6 [[=


Innate Abilities, Weirdness & Mutations

You are immune to sickness and miasma.
Your stone body is resilient. (AC +7)
You are immune to poison.
You resist negative energy. (rN+)
You are resistant to electric shocks. (rElec)
You are resistant to unholy torment.
You are immune to petrification.


Message History

The yak bellows! x3
You block the yak's attack.
The blast of sand misses the yak.
The yak gores you. The yak completely misses you.
The blast of sand hits the yak!
The yak is severely wounded.
The yak closely misses you. You block the yak's attack.
You climb upwards.
There is a stone staircase leading down here.
Casting: Sandblast (safe; 1% risk of failure)
Confirm with . or Enter, or press ? or * to list all spells.
Aiming: Stone Arrow (safe; 1% risk of failure)
Press: ? - help, Shift-Dir - straight line, f - yak
Aim: a yak (severely wounded, 84% to hit)
The stone arrow hits the yak!!
You kill the yak!
You start resting.
Magic restored.
Saving game... please wait.
Welcome back, AlmostDecent the Gargoyle Earth Elementalist.
Ashenzari says: Partake of my vision.
Partake of my curse.
Press ? for a list of commands and other information.
You climb downwards.
The yak barely misses you. The yak gores you. x2
There is a stone staircase leading up here.
Cast which spell? (? or * to list)
Casting: Frozen Ramparts (dangerous; 6% risk of failure)
Press: ? - help, Dir - look around, f - activate A stone staircase leading up.
The walls around you are covered in ice.
The wall freezes the yak but does no damage.
The yak gores you!
The wall freezes the yak.
The yak misses you. You block the yak's attack.
You hit the yak.
The yak is poisoned.
The yak is lightly wounded.
The wall freezes the yak but does no damage.
The yak gores you!
The wall freezes the yak.
The yak gores you!
* * * LOW HITPOINT WARNING * * *
The yak gores you!
You die...

#..# #>.# #..#
##..# #...# .
#...# ... #...##
....# ##..>Y#
......####...Y@#
........†.....Y#
......(.)......#
..........|....#
y.............##
..###.........#
# ##........#
#........#
#.......Y#


You could see 3 yaks.

Vanquished Creatures
  Pikel (D:7)
  Grinder (D:3)
  A yak (D:7)
  2 water moccasins (D:5)
  3 ice beasts
  2 sky beasts (D:7)
  An ogre (D:7)
  A centaur (D:8)
  A phantom (D:6)
  A lemure (D:7)
  5 kobold brigands
  2 bullfrogs
  4 scorpions
  5 wights (D:7)
  5 killer bees (D:8)
  2 bombardier beetles
  3 jellies (D:6)
  3 orc priests
  A gnoll bouda (D:5)
  2 hounds
  4 sleepcaps
  3 iguanas
  4 orc wizards
  12 gnolls
  4 adders
  A shadow imp (D:5)
  3 white imps
  A dart slug (D:3)
  2 ribbon worms
  22 orcs
  5 endoplasms
  2 giant cockroaches
  5 goblins
  6 hobgoblins
  2 jackals (D:5)
  3 quokkas
  2 ball pythons
  4 bats
  6 frilled lizards
  24 kobolds
  3 rats
164 creatures vanquished.

Vanquished Creatures (collateral kills)
  A boulder (D:7)
1 creature vanquished.

Vanquished Creatures (others)
  2 boulders (D:7)
2 creatures vanquished.

Grand Total: 167 creatures vanquished

Notes
Turn   | Place    | Note
-------+----------+-------------------------------------------
     0 | D:1      | AlmostDecent the Gargoyle Earth Elementalist began the
                  | quest for the Orb.
     0 | D:1      | Reached XP level 1. HP: 10/10 MP: 3/3
   167 | D:1      | Reached skill level 4 in Earth Magic
   170 | D:1      | Reached XP level 2. HP: 15/15 MP: 0/5
   720 | D:2      | Reached XP level 3. HP: 19/19 MP: 4/6
   770 | D:2      | Found a faded altar of an unknown god.
  1408 | D:3      | Noticed Grinder
  1415 | D:3      | Learned a level 3 spell: Stone Arrow
  1432 | D:3      | Killed Grinder
  1433 | D:3      | Reached skill level 6 in Earth Magic
  1433 | D:3      | Reached XP level 4. HP: 24/24 MP: 2/9
  1433 | D:3      | Reached XP level 5. HP: 28/28 MP: 2/10
  1433 | D:3      | Reached XP level 6. HP: 33/33 MP: 2/11
  1700 | D:3      | Found a broken altar of Ashenzari.
  1717 | D:3      | Became a worshipper of Ashenzari the Shackled
  2339 | D:4      | Reached XP level 7. HP: 15/37 MP: 8/14
  2466 | D:4      | Found a blossoming altar of Fedhas.
  2610 | D:4      | Found Ynimuqops's CLEARANCE SALE!.
  2739 | D:4      | Reached skill level 5 in Spellcasting
  2901 | D:5      | Entered Level 5 of the Dungeon
  2915 | D:5      | Reached skill level 7 in Earth Magic
  3144 | D:5      | Reached XP level 8. HP: 42/42 MP: 13/17
  3251 | D:5      | Learned a level 4 spell: Brom's Barrelling Boulder
  3255 | D:5      | Learned a level 3 spell: Frozen Ramparts
  3297 | D:5      | Reached skill level 8 in Earth Magic
  3504 | D:5      | Found a hazy altar of Hepliaklqana.
  4007 | D:6      | Reached skill level 9 in Earth Magic
  4151 | D:6      | Identified the +8 whip of Fasul {venom, rElec Str+3 Stlth-}
  4227 | D:6      | Reached XP level 9. HP: 47/47 MP: 16/21
  4333 | D:6      | Found Muphoyn's Jewellery Boutique.
  4364 | D:6      | Found a burning altar of Makhleb.
  4447 | D:6      | Found Bile's Antique Armour Shop.
  4455 | D:6      | Bought a runed scarf for 232 gold pieces
  4589 | D:6      | Reached * piety under Ashenzari
  4678 | D:6      | Found Fymamp's Antique Armour Shop.
  4706 | D:6      | Found a hide-covered altar of Uskayaw.
  4716 | D:6      | Reached skill level 10 in Earth Magic
  5467 | D:7      | Noticed Pikel
  5478 | D:7      | Killed Pikel
  5479 | D:7      | Reached skill level 11 in Earth Magic
  5829 | D:7      | Found a staircase to the Ecumenical Temple.
  6211 | D:7      | Reached XP level 10. HP: 52/52 MP: 14/24
  6430 | D:8      | Slain by a yak

Illustrated notes

Levels and vault maps discovered:
D:1:      dpeg_arrival_rhombi, layout_rooms
D:2:      layout_basic, hellmonk_ecumenical_altar_zigzags
D:3:      layout_loops_ring, evilmike_ruin_ashenzari, uniq_grinder
D:4:      layout_cave_pools, fedhas_altar_1, nicolae_shop_clearance
D:5:      layout_basic, lemuel_tele_altar
D:6:      cheibrodos_thug_alley, layout_loops_ring, kennysheep_mini,
          nicolae_uskayaw_dance_studio, serial_shops, shop, shop,
          nicolae_shop_waterfront, lexackson_kobold_supper
D:7:      layout_gridville, minmay_temple_entry_stoned_glass, uniq_pikel
D:8:      layout_layer_cave

Skill      XL: |  1  2  3  4  5  6  7  8  9 |
---------------+----------------------------+-----
Earth Magic    | 4 6 7 9 11 | 11.7
Spellcasting   | 3 4 5 7 9 |  9.7
Stealth        | 3 |  3.3
Dodging        | 2 |  2.1
Fighting       | |  0.9
Short Blades   | |  0.1
Maces & Flails | |  0.1
Conjurations   | |  1.4
Ice Magic      | |  0.6

Action                     |  1- 3 |  4- 6 |  7- 9 | 10-12 || total
---------------------------+-------+-------+-------+-------++-------
  Melee: Dagger            |     6 |       |       |       ||     6
         Short sword       |       |     7 |       |       ||     7
         Punch             |       |     1 |       |       ||     1
         Whip              |       |       |    20 |     1 ||    21
   Cast: Sandblast         |    32 |    46 |   182 |    10 ||   270
         Stone Arrow       |     2 |       |     8 |     5 ||    15
         Frozen Ramparts   |       |       |    12 |     2 ||    14
         Brom's Barrelling |       |       |     4 |       ||     4
 Invoke: Curse Item        |       |     1 |     1 |       ||     2
    Use: Potion            |     1 |       |     1 |       ||     2
         Scroll            |       |     5 |     4 |       ||     9
 Armour: Robe              |     7 |    20 |   104 |    18 ||   149
  Dodge: Dodged            |    13 |    15 |    91 |    17 ||   136
  Block: Other             |       |       |    10 |     4 ||    14
